 Dungeon Crawl Stone Soup version 0.22.0-49-gab54619 (webtiles) character file.

3934 dvd the Cleaver (level 10, -2/89 HPs)
             Began as a Minotaur Fighter on Sept 4, 2018.
             Was an Elder of Makhleb.
             Slain by a two-headed ogre
             ... wielding a +0 giant club
              (14 damage)
             ... on level 8 of the Dungeon.
             The game lasted 00:14:54 (5608 turns).

dvd the Cleaver (Minotaur Fighter)                  Turns: 5608, Time: 00:14:55

Health: -2/89      AC: 14    Str: 25    XL:     10   Next: 1%
Magic:  12/12      EV:  8    Int:  5    God:    Makhleb [****..]
Gold:   461        SH: 17    Dex: 12    Spells: 9/9 levels left

rFire    . . .     SeeInvis .   k - +1 flail (crush)
rCold    . . .     Gourm    .   u - +0 large shield
rNeg     + + +     Faith    .   E - +0 chain mail
rPois    .         Spirit   .   (helmet restricted)
rElec    .         Reflect  .   w - +1 cloak of Servitude {rN+++ MR- Str+3}
rCorr    .         Harm     .   h - +0 pair of gloves
MR       .....                  (no boots)
Stlth    ..........             (no amulet)
HPRegen  0.24/turn              j - ring of flight
MPRegen  0.13/turn              (no ring)

@: no status effects
A: retaliatory headbutt, horns 2
a: Minor Destruction, Lesser Servant of Makhleb, Major Destruction, Renounce
Religion, Evoke Flight


You were on level 8 of the Dungeon.
You worshipped Makhleb.
Makhleb was greatly pleased with you.
You were not hungry.

You visited 1 branch of the dungeon, and saw 8 of its levels.
You also visited: Ossuary.

You collected 461 gold pieces.

Inventory:

Hand Weapons
 a - a +0 war axe
 d - a +1 mace of crushing
 k - a +1 flail of crushing (weapon)
 x - a cursed -1 short sword
Armour
 c - a +0 pair of gloves
 h - a +0 pair of gloves (worn)
 u - a +0 large shield (worn)
 w - the +1 cloak of Servitude (worn) {rN+++ MR- Str+3}
   (You found it on level 5 of the Dungeon)

   It affects your strength (+3).
   It renders you almost immune to negative energy.
   It affects your resistance to hostile enchantments.
 E - a +0 chain mail (worn)
Jewellery
 j - a ring of flight (left hand)
Wands
 o - a wand of iceblast (5)
 q - a wand of disintegration (17)
Scrolls
 e - 2 scrolls of teleportation
 m - 11 scrolls of identify
 n - 6 scrolls of amnesia
 y - a scroll of blinking {unknown}
 z - 2 scrolls of remove curse
 A - a scroll of enchant weapon {unknown}
 F - a scroll of noise {unknown}
 G - a scroll of fog {unknown}
Potions
 g - a potion of ambrosia {unknown}
 i - 2 potions of brilliance {unknown}
 l - 2 potions of agility {unknown}
 p - 2 potions of curing
 r - 4 potions of lignification
 t - a potion of mutation {unknown}
 v - a potion of berserk rage
 B - 4 potions of haste {unknown}
 C - 2 potions of invisibility {unknown}
 D - 2 potions of heal wounds {unknown}
Comestibles
 b - 8 chunks of flesh
 f - 12 rations


   Skills:
 + Level 8.3 Fighting
 + Level 8.9(9.7) Axes
 + Level 6.1(8.4) Maces & Flails
 + Level 8.4 Armour
 + Level 5.6 Dodging
 + Level 0.5 Stealth
 + Level 8.2 Shields
 + Level 4.6 Invocations
 + Level 3.4 Evocations


You had 9 spell levels left.
You didn't know any spells.
Your spell library contained the following spells:

 Spells                   Type           Power        Failure   Level  Hunger
 Confusing Touch          Hex            #.....       100%        1    ##.....
 Magic Dart               Conj           #...         100%        1    ##.....
 Blink                    Tloc           N/A          100%        2    ###....
 Call Imp                 Summ           #.......     100%        2    ###....
 Slow                     Hex            #.......     100%        2    ###....
 Conjure Flame            Conj/Fire      #.......     100%        3    ####...
 Mephitic Cloud           Conj/Pois/Air  #.......     100%        3    ####...


Dungeon Overview and Level Annotations

Branches:
Dungeon (8/15)             Temple (0/1) D:4
   Lair: D:8-11

Altars:
Ashenzari
Cheibriados
Dithmenos
Elyvilon
Hepliaklqana
Makhleb
Ru
Sif Muna
Uskayaw
Vehumet
Wu Jian
Yredelemnul

Shops:
D:4 :


Innate Abilities, Weirdness & Mutations

You reflexively headbutt those who attack you in melee.
You have a pair of horns on your head.


Message History

The two-headed ogre is lightly wounded.
The two-headed ogre hits you with a giant club.
You block the two-headed ogre's attack.
You hit the two-headed ogre.
The two-headed ogre is moderately wounded.
You block the two-headed ogre's attack. x2
You sock the two-headed ogre!
The two-headed ogre is heavily wounded.
You block the two-headed ogre's attack. x2
You completely miss the two-headed ogre.
You headbutt the two-headed ogre, but do no damage.
The two-headed ogre is heavily wounded.
The two-headed ogre hits you but does no damage.
The two-headed ogre hits you with a giant club!
You bludgeon the two-headed ogre!! You headbutt the two-headed ogre!
The two-headed ogre is almost dead.
The two-headed ogre hits you with a giant club!
* * * LOW HITPOINT WARNING * * *
The two-headed ogre hits you with a giant club!
You die...

**+***#................,,,*,,*,*,
,,,,,,##.....(..........,,*,,*,*,
,,,,,,*#................,,+,,*,*,
,,,,,,*#................,,**+*,*,
,,,,,,*#................,,,,,,,*,
**+****#..............#,,,,,,,,*,
**+****#..............#.,,,,,,,*,
*,,,,,*#................,,,,,,,,,
,,,,,,''......>.@O......,,,,,,,,*
,,,,,.##................,,,,,,,,,
,,,,,,*#................,,,,,*+*+
,,,,,,*##......###.....#****,,,,,
,,,,,,,........# *......,,,,,,,,,
,,,,,,,........# *......,,,,,,,,,
,**,,,,,...####* *,.....,,,,,*+*+
***,,,,,,..*******,.....,,,,,*,*,
,,,,,,,,,,,*,,,,,,,,,,,*,,,*+*+*,


You could see a two-headed ogre.

Vanquished Creatures
  Sigmund (D:4)
  A human (D:7)
  3 hogs (D:7)
  A yak (D:7)
  A steam dragon (D:8)
  A water moccasin (D:5)
  2 sky beasts
  An orc warrior (D:8)
  A necrophage (D:5)
  2 ogres
  2 centaurs
  An elf zombie (Ossuary)
  2 bullfrogs (D:6)
  3 killer bees (D:7)
  7 wights
  A howler monkey (D:6)
  A bullfrog zombie (D:5)
  2 centaur zombies
  2 hounds
  An orc priest (D:8)
  4 orc wizards
  A bullfrog skeleton (D:8)
  Natasha (thrice) (D:4 D:7)
  5 worker ants
  2 big kobold zombies (Ossuary)
  2 hound skeletons
  3 mummies
  2 worker ant zombies (D:5)
  3 adders
  2 shadow imps
  An ooze (D:3)
  An adder skeleton (D:5)
  2 worms (D:2)
  4 leopard geckos
  22 orcs
  5 giant cockroaches
  3 goblins
  9 hobgoblins
  12 jackals
  7 kobolds
  5 quokkas
  3 ball pythons
  9 bats
  7 frilled lizards
  3 goblin zombies (Ossuary)
  12 hobgoblin zombies
  4 jackal zombies
  9 kobold zombies (Ossuary)
  A leopard gecko skeleton (D:5)
  8 orc zombies
  A quokka zombie (D:8)
  6 rats
197 creatures vanquished.

Vanquished Creatures (collateral kills)
  Harold (D:8)
  2 killer bees (D:7)
  A centaur zombie (D:8)
  An orc wizard (D:8)
  3 orcs
8 creatures vanquished.

Grand Total: 205 creatures vanquished

Notes
Turn   | Place    | Note
-------+----------+-------------------------------------------
     0 | D:1      | dvd the Minotaur Fighter began the quest for the Orb.
     0 | D:1      | Reached XP level 1. HP: 19/19 MP: 0/0
   229 | D:1      | Reached XP level 2. HP: 27/27 MP: 1/1
   841 | D:2      | Reached XP level 3. HP: 28/34 MP: 2/2
   871 | D:2      | Found a burning altar of Makhleb.
   875 | D:2      | Found a radiant altar of Vehumet.
   889 | D:2      | Became a worshipper of Makhleb the Destroyer
  1065 | D:2      | Reached skill level 1 in Dodging
  1334 | D:3      | You fall through a shaft for 2 floors!
  1334 | D:5      | Entered Level 5 of the Dungeon
  1334 | D:5      | Noticed a water moccasin
  1341 | D:5      | Killed a water moccasin
  1341 | D:5      | Reached XP level 4. HP: 28/41 MP: 3/3
  1341 | D:5      | Reached XP level 5. HP: 32/47 MP: 4/4
  1369 | D:5      | Found an ornate altar of the Wu Jian Council.
  1371 | D:5      | Noticed a centaur
  1402 | D:4      | Noticed Natasha
  1407 | D:4      | Killed Natasha
  1407 | D:4      | Reached skill level 5 in Fighting
  1426 | D:4      | Reached skill level 5 in Dodging
  1426 | D:4      | Reached XP level 6. HP: 51/60 MP: 4/8
  1454 | D:4      | Found Bepteval's Book Emporium.
  1476 | D:4      | Noticed Natasha
  1493 | D:4      | Killed Natasha
  1748 | D:4      | Found a staircase to the Ecumenical Temple.
  1845 | D:3      | Found a shadowy altar of Dithmenos.
  1848 | D:3      | Reached * piety under Makhleb
  1928 | D:3      | Reached XP level 7. HP: 66/66 MP: 9/9
  2616 | D:4      | Noticed Sigmund
  2625 | D:4      | Killed Sigmund
  2628 | D:4      | Reached ** piety under Makhleb
  2692 | D:4      | Found a basalt altar of Yredelemnul.
  2693 | D:4      | Found a hazy altar of Hepliaklqana.
  2696 | D:4      | Found a hide-covered altar of Uskayaw.
  3019 | D:5      | Reached XP level 8. HP: 70/73 MP: 10/10
  3181 | D:5      | Found a sacrificial altar of Ru.
  3452 | D:5      | Found a deep blue altar of Sif Muna.
  3467 | D:5      | Reached skill level 5 in Maces & Flails
  3475 | D:5      | Identified Sif Muna's Papyrus of the Oath
  3497 | D:5      | Got a transparent cloak
  3503 | D:5      | Identified the +1 cloak of Servitude {rN+++ MR- Str+3} (You
                  | found it on level 5 of the Dungeon)
  3764 | D:6      | Found a sand-covered staircase.
  3771 | Ossuary  | Entered an ossuary
  3794 | Ossuary  | Reached *** piety under Makhleb
  4018 | D:6      | Found a white marble altar of Elyvilon.
  4060 | D:6      | Found a snail-covered altar of Cheibriados.
  4454 | D:7      | Reached XP level 9. HP: 69/80 MP: 11/11
  4672 | D:7      | Noticed Natasha
  4678 | D:7      | Killed Natasha
  4693 | D:7      | Found a shattered altar of Ashenzari.
  4852 | D:7      | Reached **** piety under Makhleb
  5446 | D:8      | Noticed Harold
  5477 | D:8      | Killed Harold
  5477 | D:8      | Reached XP level 10. HP: 31/89 MP: 12/12
  5600 | D:8      | Noticed a two-headed ogre
  5608 | D:8      | Slain by a two-headed ogre

Skill      XL: |  1  2  3  4  5  6  7  8  9 |
---------------+----------------------------+-----
Fighting       | 4 7 8 |  8.3
Axes           | 4 6 7 8 |  8.9
Dodging        | 1 5 |  5.6
Shields        | 4 6 7 8 |  8.2
Armour         | 4 6 7 8 |  8.4
Maces & Flails | 4 5 6 |  6.1
Invocations    | 4 |  4.6
Evocations     | 3 |  3.4
Stealth        | |  0.5

Action                   |  1- 3 |  4- 6 |  7- 9 | 10-12 || total
-------------------------+-------+-------+-------+-------++-------
Melee: War axe           |   105 |     4 |   184 |       ||   293
       Headbutt          |    10 |     6 |    68 |     3 ||    87
       Flail             |       |    32 |    95 |     5 ||   132
       Mace              |       |    10 |    20 |       ||    30
Invok: Minor Destruction |       |       |    19 |     1 ||    20
       Lesser Servant of |       |       |     2 |       ||     2
 Abil: Evoke Flight      |       |       |     1 |       ||     1
  Use: Potion            |     1 |     2 |     3 |       ||     6
       Scroll            |       |     6 |     1 |     1 ||     8
 Stab: Sleeping          |       |     1 |       |       ||     1
  Eat: Chunk             |     1 |     3 |    11 |     1 ||    16
Armor: Leather armour    |    39 |    10 |     2 |       ||    51
       Scale mail        |       |       |    78 |       ||    78
       Chain mail        |       |       |    32 |     1 ||    33
       Skin              |       |       |     7 |       ||     7
Dodge: Dodged            |    47 |    27 |    98 |       ||   172
Block: Shield            |    73 |    38 |    30 |       ||   141
       Large shield      |       |       |   264 |     5 ||   269
